 Dungeon Crawl Stone Soup version 0.27.0-65-ge2af304b15 (console) character file.

Game seed: 17589763386454136105

319 Banquo the Insei (level 6, 0/46 HPs)
             Began as a Djinni Warper on Aug 18, 2021.
             Was an Initiate of Ashenzari.
             Slain by a scorpion (8 damage)
             ... on level 5 of the Dungeon on Aug 19, 2021.
             The game lasted 00:16:43 (6449 turns).

Banquo the Insei (Djinni Warper)                    Turns: 6449, Time: 00:16:44

Health: 0/46       AC:  6    Str: 10    XL:     6   Next: 74%
Gold:   203        EV: 11    Int: 16    God:    Ashenzari [......] SH:  0 Dex: 13

rFire    + + .     SeeInvis +     - Unarmed
rCold    x . .     Faith    .   (no shield)
rNeg     . . .     Spirit   .   q - +2 leather armour {Will+}
rPois    ∞         Reflect  .   (no helmet)
rElec    .         Harm     .   (no cloak)
rCorr    +         Rampage  .   g - +0 pair of gloves
Will     +....                  (boots unavailable)
Stlth    +.........             m - amulet of the acrobat
HPRegen  0.15/turn              r - ring of resist corrosion
MPRegen  0.00/turn              s - ring of see invisible

@: flying
A: sickness immunity, fire resistance 2, cold vulnerability 1, float, innate
caster, hp casting, extra vitality 1
a: Renounce Religion


You were on level 5 of the Dungeon.
You worshipped Ashenzari.
Ashenzari was noncommittal.
You visited 2 branches of the dungeon, and saw 6 of its levels.

You collected 203 gold pieces.

Inventory:

Hand Weapons
 y - a +2 short sword of speed
Missiles
 c - 5 boomerangs of dispersal (quivered)
 e - 103 stones
 u - 8 poisoned darts
Armour
 g - a +0 pair of gloves (worn)
 q - a +2 leather armour of willpower (worn)
Jewellery
 m - an amulet of the acrobat (around neck)
 r - a ring of resist corrosion (left hand)
 s - a ring of see invisible (right hand)
Wands
 p - a wand of digging (5)
Scrolls
 b - a scroll of blinking
 f - 2 scrolls of enchant weapon
 j - 2 scrolls of fear
 k - a scroll of noise
 o - a scroll of enchant armour
 x - 3 scrolls of teleportation
Potions
 t - a potion of lignification
 v - a potion of brilliance
 w - a potion of curing


   Skills:
 * Level 3.1 Fighting
 - Level 0.7 Throwing
 - Level 1.0 Armour
 - Level 2.1 Dodging
 - Level 5.1 Unarmed Combat
 + Level 3.4 Spellcasting


You couldn't memorise any spells.
You knew the following spells:

 Your Spells              Type           Power      Damage    Failure   Level
a - Beastly Appendage     Tmut           26%        N/A       6%          1
b - Lesser Beckoning      Tloc           6%         N/A       17%         3
e - Manifold Assault      Tloc           13%        N/A       85%         5
g - Gell's Gravitas       Tloc           6%         N/A       17%         3
s - Slow                  Hex            13%        N/A       9%          2
t - Teleport Other        Tloc           13%        N/A       17%         3
B - Blink                 Tloc           N/A        N/A       9%          2
Your spell library was empty.

Dungeon Overview and Level Annotations

Branches:
Dungeon (5/15)             Temple (1/1) D:4

Altars:
Ashenzari
Dithmenos
Elyvilon
Fedhas
Hepliaklqana
Kikubaaqudgha
Nemelex Xobeh
Okawaru
Ru
Trog
Uskayaw
Wu Jian
Xom
Yredelemnul
The Shining One

Annotations:
D:5 Menkaure


Innate Abilities, Weirdness & Mutations

You are immune to sickness and miasma.
You are immune to poison.
Your flesh is very heat resistant. (rF++)
You are vulnerable to cold. (rC-)
You float through the air rather than walking.
You learn spells naturally, not from books.
Your magical power is your life essence.
You have superior vitality. (+4 HP)


Message History

As you read the scroll of teleportation, it crumbles to dust.
You feel strangely unstable.
Your surroundings suddenly seem different.
A scorpion comes into view.
Casting: Beastly Appendage (safe; 6% risk of failure)
Confirm with . or Enter, or press ? or * to list all spells.
You grow a pair of large bovine horns.
Casting: Beastly Appendage (safe; 6% risk of failure)
Confirm with . or Enter, or press ? or * to list all spells.
Aiming: Slow (safe; 9% risk of failure)
Press: ? - help, Shift-Dir - straight line, f - scorpion
Aim: a scorpion (chance to affect: 50%)
The scorpion seems to slow down.
You hit the scorpion but do no damage. The scorpion stings you.
You punch the scorpion!
The scorpion is heavily wounded.
The scorpion stings you.
* * * LOW HITPOINT WARNING * * *
You barely miss the scorpion.
The scorpion is heavily wounded.
You hit the scorpion.
The scorpion is heavily wounded.
The scorpion barely misses you.
You hit the scorpion.
The scorpion is severely wounded.
The scorpion stings you.
* * * LOW HITPOINT WARNING * * *
You hit the scorpion but do no damage.
The scorpion is severely wounded.
You closely miss the scorpion. Your headbutt misses the scorpion.
The scorpion is severely wounded.
The scorpion barely misses you.
You barely miss the scorpion.
The scorpion is severely wounded.
Your horns disappear.
The scorpion barely misses you.
You closely miss the scorpion.
The scorpion is severely wounded.
The scorpion stings you!
You die...

#. .#.# #
#.#####.#.
#.#........
..........####
#............
.........
#..s.# #..@.#
#....# #....#
#....# #....#
#....# ######


You could see a scorpion (slow).

Vanquished Creatures
  An orc priest (D:4)
  A jelly (D:4)
  An iguana (D:4)
  Ijyb (D:3)
  Terence (D:3)
  A howler monkey zombie (D:3)
  3 gnolls (D:3)
  5 adders
  4 worms
  5 dart slugs
  An orc (D:4)
  5 bats
  2 endoplasms
  7 goblins
  11 hobgoblins
  8 jackals
  9 kobolds
  3 quokkas
  5 ball pythons
  6 frilled lizards
  4 rats
84 creatures vanquished.

Vanquished Creatures (others)
  11 plants (D:2)
11 creatures vanquished.

Grand Total: 95 creatures vanquished

Notes
Turn   | Place    | Note
-------+----------+-------------------------------------------
     0 | D:1      | Banquo the Djinni Warper began the quest for the Orb.
     0 | D:1      | Reached XP level 1. HP: 18/18 MP: 0/0
   532 | D:1      | Reached XP level 2. HP: 23/23 MP: 0/0
   889 | D:1      | Reached XP level 3. HP: 26/28 MP: 0/0
   889 | D:1      | Learned a level 1 spell: Beastly Appendage
  1800 | D:2      | Reached skill level 3 in Unarmed Combat
  1800 | D:2      | Reached XP level 4. HP: 26/34 MP: 0/0
  3054 | D:2      | Found a faded altar of an unknown god.
  3312 | D:3      | Reached XP level 5. HP: 24/39 MP: 0/0
  3312 | D:3      | Learned a level 2 spell: Slow
  3448 | D:3      | Noticed Ijyb
  3481 | D:3      | Killed Ijyb
  3482 | D:3      | Reached skill level 4 in Unarmed Combat
  4311 | D:3      | Noticed Terence
  4323 | D:3      | Killed Terence
  4324 | D:3      | Reached XP level 6. HP: 34/45 MP: 0/0
  5279 | D:4      | Reached skill level 5 in Unarmed Combat
  5728 | D:4      | Found a staircase to the Ecumenical Temple.
  5746 | Temple   | Entered the Ecumenical Temple
  6046 | Temple   | Became a worshipper of Ashenzari the Shackled
  6192 | D:5      | Entered Level 5 of the Dungeon
  6399 | D:5      | Noticed Menkaure
  6449 | D:5      | Slain by a scorpion

Illustrated notes

Levels and vault maps discovered:
D:1:      tarquinn_simple_flora_water_e, layout_basic, kennysheep_flooded_box,
          minmay_splitting_lines
D:2:      layout_basic, serial_curves, eino_curves_01, eino_curves_03,
          eino_curves_04, dilly_ecumenical_altar_fadedgnrine
D:3:      layout_basic, minmay_misc_feat_square, chequers_serial_rivers_large_a,
          uniq_terence, uniq_ijyb
D:4:      layout_loops_ring, minmay_temple_entry_proselytizer, minmay_unequal
D:5:      layout_basic, amcnicky_mini_corridor_feature, uniq_menkaure
Temple:   eino_wide_crystal_templ

Skill      XL: |  1  2  3  4  5  6 |
---------------+-------------------+-----
Unarmed Combat | 3 4 5 |  5.1
Spellcasting   | 3 |  3.4
Fighting       | 3 |  3.1
Throwing       | |  0.7
Armour         | |  1.0
Dodging        | |  2.1

Action                   |  1- 3 |  4- 6 || total
-------------------------+-------+-------++-------
Melee: Unarmed           |   133 |   280 ||   413
       Headbutt          |     5 |    27 ||    32
       Punch             |     1 |     4 ||     5
 Cast: Beastly Appendage |    10 |    37 ||    47
       Slow              |       |     7 ||     7
  Use: Scroll            |       |     1 ||     1
Armor: Leather armour    |    33 |    54 ||    87
Dodge: Dodged            |    76 |   118 ||   194
